 Dungeon Crawl Stone Soup version 0.28-b1-70-g80dc712255 (webtiles) character file.

Game seed: 13299541879016102401

184 vvl the Stinger (level 5, 0/35 HPs)
             Began as a Demonspawn Venom Mage on Feb 3, 2022.
             Killed from afar by vvl's ghost (5 damage)
             ... with a sting
             ... on level 4 of the Dungeon.
             The game lasted 00:07:52 (4620 turns).

vvl the Stinger (Demonspawn Venom Mage)             Turns: 4620, Time: 00:07:52

Health: 0/35       AC:  2    Str:  8    XL:     5   Next: 36%
Magic:  4/9        EV: 12    Int: 19    God:
Gold:   177        SH:  4    Dex: 17    Spells: 8/9 levels left

rFire   . . .      SeeInvis .   g - +0 short sword
rCold   . . .      Faith    .   (no shield)
rNeg    . . .      Spirit   .   a - +0 robe
rPois   .          Reflect  .   (no helmet)
rElec   .          Harm     .   (no cloak)
rCorr   .          Rampage  .   (no gloves)
Will    .....                   (no boots)
Stlth   ++++......              (no amulet)
HPRegen 0.11/turn               (no ring)
MPRegen 0.11/turn               (no ring)

@: lethally poisoned (0 -> -8)
A: thin skeletal structure 2, condensation shield, demonic magic 1, talons 1
a: no special abilities


You were on level 4 of the Dungeon.
You visited 1 branch of the dungeon, and saw 4 of its levels.

You collected 177 gold pieces.

Inventory:

Hand Weapons
 g - a +0 short sword (weapon)
Armour
 a - a +0 robe (worn)
Scrolls
 d - a scroll of identify {unknown}
 e - 2 scrolls of noise {unknown}
 f - 3 scrolls of silence {unknown}
 h - a scroll of blinking {unknown}
 i - a scroll of enchant armour {unknown}
 l - a scroll of fog {unknown}
Potions
 b - a potion of haste
 c - a potion of flight


   Skills:
 - Level 2.0 Dodging
 + Level 2.4 Stealth
 + Level 2.9 Spellcasting
 + Level 2.2 Transmutations
 * Level 4.5 Poison Magic


You had 8 spell levels left.
You knew the following spells:

 Your Spells              Type           Power      Damage    Failure   Level
a - Sting                 Tmut/Pois      60%        1d6       3%          1

Your spell library contained the following spells:

 Spells                   Type           Power      Damage    Failure   Level
 Poisonous Vapours        Pois/Air       22%        N/A       9%          2
 Animate Skeleton         Necr           4%         N/A       16%         1
 Apportation              Tloc           4%         N/A       16%         1
 Summon Small Mammal      Summ           8%         N/A       16%         1
 Blink                    Tloc           4%         N/A       24%         2
 Mephitic Cloud           Conj/Pois/Air  8%         N/A       24%         3
 Olgreb's Toxic Radiance  Pois           20%        N/A       24%         4
 Lesser Beckoning         Tloc           2%         N/A       43%         3
 Summon Guardian Golem    Hex/Summ       2%         N/A       43%         3
 Manifold Assault         Tloc           2%         N/A       99%         5
 Orb of Destruction       Conj           1%         9d5       100%        7
 Spellforged Servitor     Conj/Summ      1%         N/A       100%        7


Dungeon Overview and Level Annotations

Branches:
Dungeon (4/15)
 Temple: D:4-7

Altars:
Okawaru

Annotations:
D:4 vvl's ghost, amateur NaVM


Innate Abilities, Weirdness & Mutations

You have a moderately thin skeletal structure. (Dex +4, Stealth++)
A meltable shield of frost defends you. (SH +4)
Spells you cast may paralyse adjacent enemies.
You have sharp toenails.


Message History

The river rat is almost dead.
Malevolent energies surge around you.
You kill the river rat!
The sting hits the rat.
The rat is poisoned.
You kill the rat!
Malevolent energies surge around you.
You hit vvl's ghost but do no damage. Vvl's ghost closely misses you.
You hit vvl's ghost.
Vvl's ghost is lightly damaged.
Vvl's ghost gestures at you while chanting.
The sting hits you.
You are poisoned.
You hit vvl's ghost.
Vvl's ghost is lightly damaged.
You feel sick. Vvl's ghost hits you!
Unknown command.
It was a potion of haste.
You feel yourself speed up.
You feel sick. You block vvl's ghost's attack.
You hit vvl's ghost.
Vvl's ghost is moderately damaged.
Vvl's ghost hits you!
It was a potion of cancellation.
Your magical effects are unravelling.
You feel magically purged.
You feel yourself slow down.
You feel sick.
Vvl's ghost points at you and mumbles some strange words.
The sting hits you!
You are more poisoned.
* * * LOW HITPOINT WARNING * * *
It was a potion of mutation.
You feel extremely strange.
You feel stupid.
You feel clever.
Your toenails lengthen and sharpen.
* * * LOW HITPOINT WARNING * * *
You feel sick. Vvl's ghost closely misses you.
* * * LOW HITPOINT WARNING * * *
You feel sick.
Vvl's ghost gestures at you while chanting.
The sting hits you.
You are lethally poisoned!
You die...

#.#.## #....#########...
#...............#
##...##.#.#####.#
##.##.###.###.#.#..
######.#.# ##..>......
#).....##.###..#######.
.#####.##.### #.#.#.##..##
.........#.####.@##.#....##
.##.###.###.##...##.#.....##
##.###.##W###.#......## #<#
###≈≈B##.##......## # ##.#
#≈≈≈##.###......## #..###.##
#≈≈≈##...........## #.....#
#≈≈≈######.......#. ##.#.#.#
#≈(≈# ##..#######. #.#.#.#
#≈≈≈# #<........


You could see vvl's ghost and a giant cockroach.

Vanquished Creatures
  A hound (D:4)
  Natasha (thrice) (D:2)
  3 adders
  A river rat (D:4)
  A bat (D:1)
  8 endoplasms
  2 giant cockroaches
  5 goblins
  3 hobgoblins
  10 ball pythons
  5 frilled lizards
  6 kobolds
  6 rats
54 creatures vanquished.

Notes
Turn   | Place    | Note
-------+----------+-------------------------------------------
     0 | D:1      | vvl the Demonspawn Venom Mage began the quest for the Orb.
     0 | D:1      | Reached XP level 1. HP: 13/13 MP: 3/3
   338 | D:1      | Reached skill level 1 in Transmutations
   898 | D:1      | Gained mutation: Spells you cast may paralyse adjacent
                  | enemies. [demonic ancestry]
   898 | D:1      | Reached XP level 2. HP: 19/19 MP: 0/5
  1739 | D:2      | Found a faded altar of an unknown god.
  1928 | D:2      | Gained mutation: You have a somewhat thin skeletal
                  | structure. (Dex +2, Stealth+) [demonic ancestry]
  1928 | D:2      | Reached XP level 3. HP: 24/24 MP: 0/6
  2144 | D:2      | Noticed Natasha
  2152 | D:2      | Killed Natasha
  2431 | D:2      | Gained mutation: A meltable shield of frost defends you.
                  | (SH +4) [demonic ancestry]
  2431 | D:2      | Reached XP level 4. HP: 29/30 MP: 3/7
  2945 | D:2      | Noticed Natasha
  2955 | D:2      | Killed Natasha
  2956 | D:2      | Reached skill level 4 in Poison Magic
  3197 | D:2      | Noticed Natasha
  3202 | D:2      | Killed Natasha
  3539 | D:3      | Found an iron altar of Okawaru.
  4134 | D:3      | Gained mutation: You have a moderately thin skeletal
                  | structure. (Dex +4, Stealth++) [demonic ancestry]
  4134 | D:3      | Reached XP level 5. HP: 35/35 MP: 3/9
  4545 | D:4      | Found a runed translucent door.
  4602 | D:4      | Noticed vvl's ghost (amateur NaVM)
  4619 | D:4      | Gained mutation: You are dopey. (Int -2) [potion of
                  | mutation]
  4619 | D:4      | Lost mutation: You are dopey. (Int -2) [potion of mutation]
  4619 | D:4      | Gained mutation: You have sharp toenails. [potion of
                  | mutation]
  4620 | D:4      | Killed from afar by vvl's ghost

Illustrated notes

Levels and vault maps discovered:
D:1:      co_arrival_random_square_maze, layout_loops_corners
D:2:      layout_loops_corners, nicolae_ecumenical_lake_church, uniq_natasha
D:3:      layout_loops_corners, mainiacjoe_overflow_concentric_impassable
D:4:      layout_loops_ring, nicolae_ashenzari_panopticon,
          ebering_ghost_sewer_f, minmay_misc_feat_tiny, uniq_grinder

Skill      XL: |  1  2  3  4 |
---------------+-------------+-----
Transmutations | 1 2 |  2.2
Stealth        | 2 |  2.4
Dodging        | 2 |  2.0
Poison Magic   | 4 |  4.5
Spellcasting   | |  2.9

Action                   |  1- 3 |  4- 6 || total
-------------------------+-------+-------++-------
Melee: Unarmed           |    23 |     4 ||    27
       Short sword       |       |    12 ||    12
       Punch             |       |     1 ||     1
 Cast: Sting             |    57 |    50 ||   107
  Use: Potion            |     3 |     3 ||     6
 Stab: Paralysed         |     2 |     4 ||     6
       Sleeping          |       |     1 ||     1
Armor: Robe              |     3 |     1 ||     4
Dodge: Dodged            |    23 |     6 ||    29
Block: Other             |       |     1 ||     1
